 Dungeon Crawl Stone Soup version 0.17.1-1-g73c8601 (webtiles) character file.

506 zercules the Ducker (level 7, -2/57 HPs)
             Began as a Merfolk Artificer on Feb 15, 2016.
             Was an Initiate of Nemelex Xobeh.
             Killed by divine providence
             ... invoked by an orc priest
              (11 damage)
             ... on level 6 of the Dungeon.
             The game lasted 00:11:50 (2604 turns).

zercules the Ducker (Merfolk Artificer)             Turns: 2604, Time: 00:11:50

Health: -2/57      AC:  6    Str: 12      XL:     7   Next: 18%
Magic:  9/9        EV: 14    Int: 13      God:    Nemelex Xobeh [......]
Gold:   145        SH:  5    Dex: 13 (14) Spells: 0 memorised, 6 levels left

rFire  + . .     SeeInvis .     a - +0 short sword
rCold  . . .     Clarity  .     b - +0 leather armour
rNeg   + . .     SustAt   .     B - +1 buckler of Gimnorar {rElec rN+ Slay+3}
rPois  .         Gourm    .     (no helmet)
rElec  +         Spirit   .     (no cloak)
rCorr  .         Warding  .     (no gloves)
rMut   .         Stasis   .     p - +2 pair of boots
MR     .....                    (no amulet)
Stlth  +.........               (no ring)
                                z - ring of protection from fire

@: not resistant to hostile enchantments, very unstealthy
A: change form in water, swift swim
a: Renounce Religion


You were on level 6 of the Dungeon.
You worshipped Nemelex Xobeh.
Nemelex Xobeh was noncommittal.
You were hungry.

You visited 1 branch of the dungeon, and saw 6 of its levels.
You also visited: Sewer.

You collected 155 gold pieces.

Inventory:

Hand Weapons
 a - a +0 short sword (weapon)
 k - a +0 hunting sling
Missiles
 j - 64 stones (quivered)
Armour
 b - a +0 leather armour (worn)
 p - a +2 pair of boots (worn)
 B - the +1 buckler of Gimnorar (worn) {rElec rN+ Slay+3}
   (You found it on level 4 of the Dungeon)

   It affects your accuracy and damage with ranged weapons and melee attacks
   (+3).
   It insulates you from electricity.
   It protects you from negative energy.
Jewellery
 z - a ring of protection from fire (left hand)
 C - an uncursed ring of see invisible {unknown}
Wands
 c - a wand of flame (12)
 d - a wand of enslavement (13)
 e - a wand of random effects (15)
 t - a wand of fire (5)
 v - a wand of frost (15)
Scrolls
 g - 2 scrolls of remove curse {unknown}
 i - 2 scrolls of teleportation {unknown}
 l - a scroll of enchant armour {unknown}
 m - 2 scrolls of blinking {unknown}
 s - a scroll of fear {unknown}
 u - 3 scrolls of identify {unknown}
 y - a scroll of enchant weapon {unknown}
Potions
 o - a potion of ambrosia {unknown}
 q - 2 potions of curing
 r - 2 potions of might {unknown}
 w - a potion of poison {unknown}
 D - a potion of lignification {unknown}
Miscellaneous
 x - a plain deck of changes {drawn: 3}
 A - a plain deck of escape {drawn: 2}
Comestibles
 f - 5 bread rations
 h - 2 meat rations
 E - a slice of pizza


   Skills:
 + Level 5.7 Fighting
 - Level 1.2 Short Blades
 - Level 6.1 Dodging
 - Level 1.1 Stealth
 + Level 2.4 Shields
 - Level 3.1 Evocations


You had 6 spell levels left.
You didn't know any spells.

Dungeon Overview and Level Annotations

Branches:
Dungeon (6/15)
 Temple: D:4-7

Altars:
Ashenzari
Dithmenos
Elyvilon
Nemelex Xobeh
Sif Muna
Xom
The Shining One


Message History

You hit the orc priest.
The orc priest is moderately wounded.
The orc priest mumbles some strange prayers to Beogh against you.
Something smites you! The orc completely misses you.
The orc wizard gestures at you while chanting.
The magic dart hits you!
You hit the orc priest.
The orc priest is heavily wounded.
The orc priest hits you with a hand axe.
The orc priest completely misses you. The orc barely misses you.
The orc wizard gestures at you while chanting.
The puff of flame hits you! You resist.
The orc priest invokes the aid of Beogh against you.
Something smites you!
* * * LOW HITPOINT WARNING * * *
You see here a plain deck of destruction.
The orc priest calls down the wrath of Beogh upon you.
Something smites you!
You die...
Your body disappears without a glow.

####.#.#.........#
#.<......##.####.#
#.#....####.# #.#
............# #.#
###...####### #.#
##.## #.# #.# #.#
#.# #.# #+ #@#
##o## #o.o#
#........#
#...o####.#
....... ###....#
##.#.. #.##.


You could see 2 orc priests, an orc wizard and an orc.

Vanquished Creatures
  The ghost of seyes the Archer, an amateur CeHu (D:3)
  A shadow (D:6)
  3 giant frogs
  A quasit (D:6)
  An iron imp (D:6)
  A worker ant (D:4)
  A hound skeleton (D:6)
  A shadow imp (D:5)
  An adder (D:3)
  An ooze (D:3)
  An adder skeleton (D:6)
  2 worms (D:3)
  4 giant geckos
  5 orcs
  5 ball pythons
  A hobgoblin (D:3)
  A quokka (D:2)
  3 bats
  5 giant cockroaches
  7 giant newts (Sewer)
  A goblin (D:2)
  A goblin zombie (D:6)
  2 hobgoblin zombies (D:6)
  4 kobolds
  A kobold skeleton (D:6)
  2 kobold zombies (D:6)
  2 orc skeletons (D:6)
  An orc zombie (D:6)
  4 rats
64 creatures vanquished.

Vanquished Creatures (others)
  A hound (D:6)
  An orc priest (D:4)
2 creatures vanquished.

Grand Total: 66 creatures vanquished

Notes
Turn   | Place    | Note
--------------------------------------------------------------
     0 | D:1      | zercules the Merfolk Artificer began the quest for the Orb.
     0 | D:1      | Reached XP level 1. HP: 15/15 MP: 3/3
   395 | D:2      | Found a shimmering altar of Xom.
   520 | D:2      | Reached XP level 2. HP: 22/22 MP: 4/4
   562 | D:3      | Found a glowing drain.
   587 | Sewer    | Entered a sewer
   696 | Sewer    | Reached XP level 3. HP: 25/28 MP: 5/5
   699 | Sewer    | Noticed a giant frog
   723 | Sewer    | Killed a giant frog
   723 | Sewer    | Reached skill level 4 in Dodging
   723 | Sewer    | Reached XP level 4. HP: 28/35 MP: 6/6
   767 | Sewer    | Noticed a giant frog
   785 | Sewer    | Killed a giant frog
   785 | Sewer    | Reached skill level 5 in Dodging
   785 | Sewer    | Reached XP level 5. HP: 12/42 MP: 7/7
  1149 | D:3      | Found a shadowy altar of Dithmenos.
  1150 | D:3      | Found a white marble altar of Elyvilon.
  1150 | D:3      | Found a deep blue altar of Sif Muna.
  1152 | D:3      | Found a shattered altar of Ashenzari.
  1196 | D:3      | Became a worshipper of Dithmenos the Shadowed
  1421 | D:3      | Noticed seyes's ghost (amateur CeHu)
  1467 | D:3      | Killed seyes's ghost
  1467 | D:3      | Reached skill level 6 in Dodging
  1467 | D:3      | Reached XP level 6. HP: 19/50 MP: 8/8
  1665 | D:3      | Found a sparkling altar of Nemelex Xobeh.
  1673 | D:3      | Fell from the grace of Dithmenos
  1673 | D:3      | Became a worshipper of Nemelex Xobeh the Trickster
  1784 | D:4      | Received a gift from Nemelex Xobeh
  1791 | D:4      | Got a transparent buckler
  1797 | D:4      | Identified the +1 buckler of Gimnorar {rElec rN+ Slay+3} (You found it on level 4 of the Dungeon)
  1828 | D:4      | Reached skill level 5 in Fighting
  1834 | D:5      | Entered Level 5 of the Dungeon
  1903 | D:5      | Noticed a shadow
  1903 | D:5      | Noticed a shadow demon
  1948 | D:5      | Reached skill level 1 in Shields
  2193 | D:6      | Killed a shadow
  2287 | D:6      | Found a glowing golden altar of the Shining One.
  2306 | D:6      | Reached XP level 7. HP: 38/56 MP: 9/9
  2595 | D:6      | Received a gift from Nemelex Xobeh
  2604 | D:6      | Killed from afar by an orc priest

Action                   |  1- 3 |  4- 6 |  7- 9 || total
-------------------------+-------+-------+-------++-------
Melee: Short sword       |    66 |   218 |    34 ||   318
Evoke: Wand              |     1 |     4 |       ||     5
       Deck              |       |     4 |     1 ||     5
  Use: Potion            |       |     4 |       ||     4
 Stab: Sleeping          |     1 |     1 |       ||     2
  Eat: Chunk             |       |     4 |     1 ||     5
